 Dungeon Crawl Stone Soup version 0.28.0-53-g5a82cb258f (webtiles) character file.

Game seed: 5044854793299010940

457 DocClef the Skirmisher (level 6, 0/84 HPs)
             Began as a Draconian Fighter on June 15, 2022.
             Slain by a bullfrog (6 damage)
             ... in a sewer.
             The game lasted 00:04:22 (4205 turns).

DocClef the Skirmisher (Draconian Fighter)          Turns: 4205, Time: 00:04:23

Health: 0/84       AC: 23    Str: 21    XL:     6   Next: 77%
Magic:  6/6        EV: -1    Int:  8    God:
Gold:   117        SH:  4    Dex: 10    Spells: 5/5 levels left

rFire   + . .      SeeInvis .   a - +0 rapier
rCold   + . .      Faith    .   b - +0 buckler
rNeg    . . .      Spirit   .   (armour unavailable)
rPois   +          Reflect  .   (helmet currently unavailable)
rElec   +          Harm     .   (cloak currently unavailable)
rCorr   +          Rampage  .   (gloves currently unavailable)
Will    .....      NoTele   +   (boots currently unavailable)
Stlth   ++........              (no amulet)
HPRegen 0.24/turn               (no ring)
MPRegen 0.10/turn               (no ring)

@: mighty, tree-form, resistant, attractive, constricted
A: stationary, stasis, torment immunity, boosted hp, AC +6, unfitting armour,
(cold-blooded)
a: no special abilities


You were in a sewer.
You were a tree.
You visited 1 branch of the dungeon, and saw 4 of its levels.
You also visited: Sewer.

You collected 117 gold pieces.

Inventory:

Hand Weapons
 a - a +0 rapier (weapon)
Armour
 b - a +0 buckler (worn)
 i - a +2 hat (melded)
Jewellery
 f - a ring of magical power
Wands
 k - a wand of flame (15)
Scrolls
 d - 3 scrolls of teleportation
 g - a scroll of magic mapping
 j - a scroll of vulnerability {unknown}
 n - 2 scrolls of identify
 o - 2 scrolls of blinking {unknown}
 p - a scroll of summoning
Potions
 c - 3 potions of might
 h - a potion of magic
 l - a potion of resistance


   Skills:
 + Level 5.5 Fighting
 - Level 2.7 Short Blades
 + Level 4.8 Dodging
 + Level 2.4 Stealth
 - Level 3.3 Shields


You had 5 spell levels left.
You didn't know any spells.
Your spell library contained the following spells:

 Spells                   Type           Power      Damage    Failure   Level
 Apportation              Tloc           0%         N/A       50%         1
 Foxfire                  Conj/Fire      0%         2x1d4     50%         1
 Sandblast                Erth           0%         2d4       50%         1
 Passwall                 Tmut/Erth      0%         N/A       65%         2
 Conjure Flame            Conj/Fire      0%         6-21      86%         3
 Inner Flame              Hex/Fire       0%         N/A       86%         3
 Stone Arrow              Conj/Erth      0%         3d7       86%         3
 Flame Wave               Conj/Fire      0%         2d4       99%         4


Dungeon Overview and Level Annotations

Branches:
Dungeon (4/15)              Sewer (1/1)
 Temple: D:4-7

Altars:

Shops:
D:3 *


Innate Abilities, Weirdness & Mutations

You are a tree.
Your roots penetrate the ground, keeping you stationary.
You cannot be teleported.
You are immune to unholy pain and torment.
Your maximum health is greatly increased.
Your equipment is partially melded.
((Your plain brown scales are hard. (AC +6)))
You cannot fit into any form of body armour.
((You are cold-blooded and may be slowed by cold attacks.))


Message History

It was a potion of resistance.
You feel protected.
You feel sick.
You are no longer poisoned.
You block the bullfrog's attack. The bullfrog hits you.
* * * LOW HITPOINT WARNING * * *
You block the ball python's attack. The ball python bites you.
* * * LOW HITPOINT WARNING * * *
The ball python constricts you. The bullfrog completely misses you.
The bullfrog hits you.
* * * LOW HITPOINT WARNING * * *
The ball python bites you but does no damage.
You closely miss the bullfrog.
The bullfrog is severely wounded.
The bullfrog hits you but does no damage. x2
The ball python bites you but does no damage.
The ball python constricts you. The ball python bites you.
* * * LOW HITPOINT WARNING * * *
Unknown command.
It was a potion of attraction.
You feel attractive to monsters.
The bullfrog hits you but does no damage. x2
The ball python bites you but does no damage.
The ball python constricts you.
The ball python bites you but does no damage.
The bullfrog hits you but does no damage.
You block the bullfrog's attack.
You puncture the bullfrog!
You kill the bullfrog!
The ball python bites you but does no damage.
The ball python constricts you.
The bullfrog hits you but does no damage.
The ball python bites you but does no damage. x2
The ball python constricts you.
The bullfrog hits you but does no damage.
You hit the bullfrog.
The bullfrog is moderately wounded.
The ball python bites you but does no damage.
The bullfrog hits you.
You die...

.....#
#......#
....##
#......#
≈≈≈≈≈#
#≈≈#≈≈≈#
≈≈≈≈≈#
#≈≈≈≈≈≈#
≈≈≈≈≈#
#≈≈≈≈≈≈#
≈≈≈≈≈#
#≈≈≈≈≈≈#
≈≈≈≈≈#
#≈≈≈≈#≈#
≈≈≈≈≈#
#≈≈≈S≈F#
≈≈≈≈≈#
#≈≈≈≈♣≈#
....##
#≈≈≈S†≈#
.)..≈#
#≈≈≈≈≈≈#
...†##
#≈≈≈≈#≈#
≈≈≈≈≈#
#≈≈≈≈≈≈#
≈≈≈≈≈#
#≈≈≈≈≈≈#
≈≈≈≈≈#
#≈≈≈≈≈≈#
≈≈≈≈≈#
#≈≈≈≈≈≈#
≈≈≈≈≈#
#####≈≈≈≈≈≈#


You could see a bullfrog and 2 ball pythons.

Vanquished Creatures
  An ogre (D:4)
  A bullfrog (Sewer)
  An iguana (D:4)
  15 adders
  3 river rats (Sewer)
  3 worms (D:2)
  4 dart slugs
  3 orcs (D:3)
  11 ball pythons
  6 bats
  6 endoplasms
  6 giant cockroaches
  4 hobgoblins
  3 jackals (D:1)
  5 kobolds
  10 quokkas
  3 frilled lizards
  3 goblins
  27 rats
115 creatures vanquished.

Vanquished Creatures (collateral kills)
  A giant cockroach (D:4)
1 creature vanquished.

Grand Total: 116 creatures vanquished

Notes
Turn   | Place    | Note
-------+----------+-------------------------------------------
     0 | D:1      | DocClef the Draconian Fighter began the quest for the Orb.
     0 | D:1      | Reached XP level 1. HP: 19/19 MP: 1/1
    91 | D:1      | You fall into a shaft and drop 1 floor!
   270 | D:2      | Reached XP level 2. HP: 18/26 MP: 2/2
   700 | D:2      | Reached XP level 3. HP: 33/33 MP: 3/3
   747 | D:2      | HP: 1/33 [frozen (3)]
  1140 | D:1      | Found a faded altar of an unknown god.
  1143 | D:1      | Got Plato's Guide on Orientation
  2039 | D:2      | Reached XP level 4. HP: 40/40 MP: 4/4
  2232 | D:2      | Reached skill level 4 in Fighting
  2838 | D:3      | Found Usolecw's General Store.
  2852 | D:3      | Reached skill level 1 in Stealth
  3474 | D:4      | Reached XP level 5. HP: 32/47 MP: 5/5
  3483 | D:4      | Noticed an ogre
  3490 | D:4      | Killed an ogre
  3528 | D:4      | Found a glowing drain.
  3540 | Sewer    | Entered a sewer
  3644 | Sewer    | Reached skill level 5 in Fighting
  3708 | Sewer    | Reached XP level 6. HP: 48/56 MP: 6/6
  4205 | Sewer    | Slain by a bullfrog

Illustrated notes

Levels and vault maps discovered:
D:1:      eino_arrival_water_cross, layout_basic,
          shapermc_ecumenical_altar_rom_forum, st_stairs_14
D:2:      layout_basic
D:3:      layout_basic, serial_shops, nicolae_shop_behind_doors,
          minmay_fractal_squares_gapless_5
D:4:      layout_basic, nicolae_qazlal_eye_of_the_storm, gammafunk_ghost_grave,
          gup_sewer_entry_pipe
Sewer:    sewer_minmay_w

Skill      XL: |  1  2  3  4  5 |
---------------+----------------+-----
Dodging        | 3 4 |  4.8
Fighting       | 4 5 |  5.5
Stealth        | 1 2 |  2.4
Short Blades   | |  2.7
Shields        | |  3.3

Action                   |  1- 3 |  4- 6 || total
-------------------------+-------+-------++-------
Melee: Rapier            |   108 |   214 ||   322
       Tailslap          |    13 |    19 ||    32
  Use: Scroll            |       |     6 ||     6
       Potion            |       |     5 ||     5
 Stab: Sleeping          |     1 |     2 ||     3
Armor: Skin              |    36 |   131 ||   167
Dodge: Dodged            |    57 |   189 ||   246
Block: Buckler           |    20 |    72 ||    92
